Map: Chantier naval orbital

Players

AgCl - Winner!

  • Race: Protoss Protoss

Top

  • Race: Terran Terran

VOD

Have the link to the VOD?

Description

Time

  • Played on: May 23, 2015, 10:11 p.m.
  • Length: 25:52
Show
View Real Time Build Order
Export as new Build Order

AgCl Protoss - Winner!

Build Orders: Oracle Opening, Oracle Opening 

Get SALT Encoding   

  12  0:16  Probe, Pylon  
  13  0:28  Probe  
  14  0:40  Probe (Chrono Boost)  
  15  0:48  Gateway  
  15  0:53  Probe (Chrono Boost), Assimilator  
  16  1:00  Probe (Chrono Boost)  
  17  1:09  Pylon  
  17  1:10  Probe (Chrono Boost)  
  18  1:19  Assimilator  
  18  1:21  Probe (Chrono Boost)  
  19  1:28  Probe (Chrono Boost)  
  20  1:40  Cybernetics Core  
  20  1:44  Probe (Chrono Boost)  
  22  1:54  Probe (Chrono Boost)  
  22  2:01  Probe  
  22  2:07  Nexus  
  23  2:13  Zealot (Chrono Boost)  
  24  2:18  Stargate  
  24  2:20  Probe  
  25  2:32  Probe  
  28  2:38  Adept (Chrono Boost)  
  29  2:44  Probe, Pylon  
  29  2:56  Probe  
  30  3:08  Probe  
  30  3:10  Oracle (Chrono Boost)  
  34  3:19  Probe  
  35  3:20  Probe  
  36  3:31  Probe  
  36  3:33  Mothership Core  
  37  3:43  Probe  
  37  3:47  Nexus  
  38  3:54  Probe  
  38  4:06  Probe (Chrono Boost)  
  40  4:10  Assimilator  
  40  4:12  Pylon  
  40  4:13  Probe (Chrono Boost)  
  40  4:16  Probe (Chrono Boost)  
  41  4:20  Probe (Chrono Boost)  
  41  4:23  Probe  
  44  4:31  Probe (Chrono Boost)  
  44  4:35  Probe (Chrono Boost)  
  46  4:47  Probe x2 (Chrono Boost)  
  46  4:48  Fleet Beacon  
  46  4:49  Stargate  
  46  4:50  Pylon  
  47  4:54  Assimilator  
  47  4:55  Probe (Chrono Boost)  
  47  4:58  Probe (Chrono Boost)  
  49  5:02  Probe (Chrono Boost)  
  49  5:04  Probe  
  51  5:13  Carrier (Chrono Boost)  
  51  5:14  Probe  
  51  5:17  Probe  
  51  5:20  Protoss Air Weapons Level 1  
  52  5:26  Probe  
  53  5:29  Probe  
  60  5:38  Probe  
  60  5:41  Probe  
  62  5:43  Carrier (Chrono Boost)  
  62  5:54  Probe (Chrono Boost)  
  62  5:56  Pylon  
  61  6:00  Probe (Chrono Boost)  
  68  6:05  Probe (Chrono Boost)  
  68  6:07  Probe (Chrono Boost)  
  70  6:12  Probe (Chrono Boost)  
  70  6:13  Carrier (Chrono Boost)  
  70  6:14  Probe x2 (Chrono Boost)  
  70  6:15  Pylon  
  72  6:18  Probe  
  72  6:23  Probe x2, Pylon  
  72  6:24  Forge  
  75  6:27  Cybernetics Core  
  75  6:32  Pylon  
  75  6:34  Assimilator x2  
  75  6:39  Probe  
  82  6:50  Graviton Catapult  
  82  6:56  Carrier (Chrono Boost)  
  82  6:57  Photon Cannon  
  82  7:02  Probe  
  82  7:03  Probe x2  
  82  7:07  Protoss Ground Weapons Level 1  
  82  7:08  Photon Cannon  
  85  7:15  Probe x2  
  90  7:17  Warp Gate (Chrono Boost)  
  88  7:33  Probe  
  89  7:46  Probe  
  89  7:48  Carrier (Chrono Boost)  
  89  7:49  Carrier (Chrono Boost)  
  90  7:52  Pylon  
  90  7:57  Gateway  
  90  8:00  Gateway  
  90  8:03  Twilight Council, Nexus  
  90  8:06  Assimilator  
  90  8:10  Assimilator  
  102  8:13  Pylon  
  102  8:16  Protoss Air Weapons Level 2 (Chrono Boost), Pylon  
  102  8:21  Pylon  
  102  8:23  Photon Cannon  
  102  8:25  Pylon  
  102  8:44  Templar Archives  
  102  8:45  Carrier  
  102  8:47  Pylon  
  97  9:11  Psionic Storm  
  95  9:17  Charge  
  95  9:19  Protoss Ground Weapons Level 2 (Chrono Boost)  
  95  9:20  Photon Cannon  
  95  9:23  Pylon  
  95  9:33  Robotics Facility  
  95  9:34  Pylon  
  95  9:42  Photon Cannon  
  93  9:49  Protoss Air Armor Level 1 (Chrono Boost)  
  93  10:04  High Templar  
  93  10:05  Zealot  
  93  10:06  Zealot  
  99  10:11  Pylon  
  99  10:16  Probe x2  
  101  10:26  High Templar x2  
  101  10:27  Carrier (Chrono Boost)  
  105  10:28  Carrier (Chrono Boost)  
  105  10:39  Photon Cannon  
  105  10:43  Pylon  
  116  11:02  High Templar  
  118  11:05  Adept  
  121  11:18  Observer (Chrono Boost)  
  121  11:24  Carrier (Chrono Boost)  
  121  11:28  Adept  
  121  11:29  Pylon  
  123  11:33  Observer (Chrono Boost)  
  124  11:40  Protoss Ground Weapons Level 3 (Chrono Boost)  
  130  11:59  Protoss Air Weapons Level 3 (Chrono Boost)  
  128  12:03  Pylon  
  122  12:25  Archon x2  
  122  12:29  Nexus  
  112  12:30  Pylon  
  112  12:44  Nexus  
  112  12:47  Pylon  
  112  13:03  Nexus  
  112  13:04  Pylon  
  111  13:06  Assimilator  
  86  13:45  Pylon  
  86  14:00  Probe (Chrono Boost)  
  89  14:05  Probe x2 (Chrono Boost)  
  89  14:06  Dark Shrine  
  89  14:12  Probe (Chrono Boost)  
  90  14:27  High Templar x2  
  90  14:28  High Templar  
  96  14:37  Probe (Chrono Boost)  
  97  14:42  Mothership Core (Chrono Boost)  
  99  14:52  Probe (Chrono Boost)  
  100  15:09  High Templar x3  
  102  15:35  Probe (Chrono Boost)  
  102  15:36  Probe (Chrono Boost)  
  102  15:41  Probe x2 (Chrono Boost)  
  102  15:42  Gateway  
  104  15:43  Assimilator  
  104  15:46  Probe (Chrono Boost)  
  104  15:48  Dark Templar  
  104  15:49  Probe (Chrono Boost)  
  108  15:59  Dark Templar x2  
  112  16:14  Protoss Air Armor Level 2 (Chrono Boost)  
  112  16:15  Probe (Chrono Boost)  
  111  16:23  Probe (Chrono Boost)  
  111  16:24  Dark Templar  
  116  16:33  Probe (Chrono Boost)  
  116  16:35  Probe (Chrono Boost)  
  116  16:39  Probe (Chrono Boost)  
  118  16:40  Probe (Chrono Boost), Assimilator  
  118  16:41  Probe (Chrono Boost)  
  118  16:42  Probe (Chrono Boost)  
  120  16:57  Photon Cannon  
  120  17:01  Dark Templar x2  
  120  17:02  Zealot x2  
  120  17:06  Probe  
  113  17:26  Probe (Chrono Boost)  
  113  17:28  Probe (Chrono Boost)  
  117  17:30  Probe (Chrono Boost)  
  117  17:31  Probe (Chrono Boost)  
  117  17:35  Pylon  
  117  17:40  Probe (Chrono Boost)  
  118  17:56  Probe (Chrono Boost)  
  118  17:58  Probe (Chrono Boost)  
  122  18:00  Protoss Shields Level 1 (Chrono Boost)  
  122  18:03  Probe x2 (Chrono Boost)  
  120  18:18  Nexus  
  123  18:35  Probe (Chrono Boost)  
  123  18:38  Probe x2 (Chrono Boost)  
  123  18:39  Probe (Chrono Boost)  
  124  18:45  Probe (Chrono Boost)  
  124  18:46  Probe (Chrono Boost)  
  124  18:48  Carrier (Chrono Boost)  
  127  18:50  Probe (Chrono Boost)  
  127  18:52  Probe (Chrono Boost), Assimilator  
  127  18:53  Probe (Chrono Boost), Pylon  
  127  18:54  Probe (Chrono Boost)  
  130  18:56  Probe (Chrono Boost)  
  130  19:00  Probe  
  132  19:12  Probe  
  132  19:15  Probe  
  141  19:18  Dark Templar  
  143  19:28  Photon Cannon  
  142  19:33  Probe (Chrono Boost)  
  142  19:38  Probe x2 (Chrono Boost)  
  146  19:39  Probe (Chrono Boost)  
  146  19:41  Photon Cannon  
  146  19:45  Pylon  
  146  19:49  Probe  
  145  19:59  Probe  
  146  20:00  Probe, Photon Cannon  
  146  20:02  Pylon  
  146  20:04  Assimilator  
  147  20:12  High Templar x2  
  147  20:13  High Templar x2  
  155  20:15  Protoss Shields Level 2 (Chrono Boost)  
  155  20:16  Archon  
  155  20:17  Archon  
  155  20:22  Carrier (Chrono Boost)  
  155  20:24  Carrier (Chrono Boost)  
  161  20:50  Archon  
  143  21:16  Zealot x3  
  143  21:17  Zealot  
  151  21:23  Probe (Chrono Boost)  
  153  21:29  Probe (Chrono Boost), Carrier (Chrono Boost)  
  153  21:32  Probe (Chrono Boost)  
  154  21:33  Protoss Air Armor Level 3 (Chrono Boost)  
  150  21:43  Tempest (Chrono Boost)  
  156  21:49  Probe  
  157  21:55  High Templar  
  157  21:56  High Templar  
  157  21:58  Archon  
  161  22:06  Probe  
  161  22:07  Probe  
  163  22:12  Protoss Shields Level 3  
  163  22:18  Tempest (Chrono Boost)  
  167  22:23  Nexus  
  167  22:26  Assimilator  
  167  22:30  Assimilator  
  167  22:32  Tempest (Chrono Boost)  
  167  22:33  Zealot  
  167  22:35  Carrier (Chrono Boost)  
  173  22:37  Pylon  
  173  22:41  Zealot  
  181  23:06  Stargate  
  181  23:07  Pylon  
  181  23:12  Zealot  
  183  23:13  Dark Templar  
  183  23:15  Pylon  
  183  23:18  Pylon  
  185  23:32  Carrier (Chrono Boost)  
  185  23:39  Tempest (Chrono Boost)  
  195  24:01  Stalker  
  197  24:17  Carrier (Chrono Boost)  
  197  25:02  Photon Cannon  
  197  25:06  Pylon  
  197  25:08  Zealot  
  197  25:12  Photon Cannon  
  179  25:46  Archon  
Show
View Real Time Build Order
Export as new Build Order

Top Terran 

Build Orders: Reaper Expand, MMM Bio 

Get SALT Encoding   

  12  0:02  SCV  
  13  0:14  SCV  
  13  0:18  Supply Depot  
  14  0:27  SCV  
  15  0:40  SCV  
  15  0:42  Barracks  
  16  0:46  Refinery  
  16  0:52  SCV  
  18  1:04  SCV  
  18  1:16  SCV  
  19  1:31  Reaper  
  19  1:32  Orbital Command  
  20  1:42  Command Center  
  20  1:49  Supply Depot  
  20  2:02  SCV  
  21  2:14  Barracks Reactor, SCV  
  22  2:18  Engineering Bay  
  22  2:26  Barracks  
  22  2:27  SCV  
  23  2:39  SCV  
  24  2:51  SCV, Bunker  
  25  2:52  Marine  
  25  2:53  Marine  
  25  2:58  Orbital Command  
  27  3:03  SCV  
  28  3:12  Missile Turret  
  28  3:15  SCV  
  29  3:21  Marine x2  
  29  3:22  Missile Turret  
  31  3:27  SCV  
  31  3:35  Barracks Tech Lab  
  31  3:36  SCV  
  31  3:39  SCV, Marine x2  
  35  3:48  SCV  
  35  3:51  SCV  
  35  3:55  Factory, Barracks  
  37  3:56  Supply Depot, Refinery  
  37  4:00  SCV  
  38  4:03  SCV  
  38  4:04  Stimpack, Marine  
  38  4:05  Marine  
  41  4:12  SCV  
  41  4:15  SCV  
  43  4:23  Terran Infantry Weapons Level 1, Refinery  
  43  4:24  SCV  
  43  4:26  Supply Depot  
  43  4:28  SCV  
  43  4:29  Supply Depot  
  45  4:32  Marine x2  
  44  4:40  SCV  
  44  4:41  Factory Reactor  
  45  4:46  Marine x2  
  45  4:50  Marine  
  45  4:52  SCV  
  49  4:55  SCV  
  49  4:56  Marine  
  51  5:01  Starport  
  51  5:04  SCV, Marine x2  
  54  5:13  SCV  
  54  5:14  Marine x2  
  54  5:18  SCV  
  57  5:25  Command Center, SCV  
  59  5:32  Barracks Tech Lab  
  59  5:33  Factory Reactor  
  58  5:37  SCV x2  
  60  5:45  Medivac x2  
  60  5:49  SCV x2  
  66  6:01  SCV  
  67  6:08  SCV, Marine  
  67  6:09  Combat Shields, Marine  
  67  6:10  Concussive Shells  
  70  6:17  Supply Depot, Barracks x2  
  70  6:18  Supply Depot  
  70  6:21  Armory  
  70  6:23  Engineering Bay  
  70  6:25  Supply Depot, Refinery  
  70  6:26  Missile Turret  
  70  6:27  Supply Depot  
  70  6:28  Supply Depot  
  70  6:37  SCV, Medivac x2, Marine x4  
  79  6:46  Widow Mine x2  
  83  6:49  SCV  
  84  6:55  Marine x2  
  84  6:59  Marine x2  
  88  7:05  SCV, Missile Turret  
  88  7:06  Missile Turret  
  88  7:08  Planetary Fortress  
  89  7:12  Marine x2  
  91  7:17  Marine x2  
  82  7:23  Marine x2  
  71  7:30  Marine x2  
  71  7:31  SCV  
  71  7:35  Starport  
  71  7:36  Terran Vehicle and Ship Weapons Level 1  
  74  7:40  Armory, Starport  
  74  7:52  SCV  
  74  7:53  Barracks Reactor, Barracks Tech Lab, Marine  
  74  7:54  Marine  
  74  7:56  Refinery x2  
  74  7:57  SCV x2  
  79  7:59  Command Center  
  79  8:04  SCV  
  80  8:07  Marine x2  
  80  8:09  SCV x2  
  84  8:16  SCV  
  84  8:17  Viking x2  
  84  8:19  Starport Reactor  
  89  8:21  SCV  
  89  8:22  SCV, Factory Reactor  
  89  8:26  Viking x2  
  95  8:28  SCV  
  95  8:34  SCV  
  97  8:35  Marine x2  
  97  8:40  SCV  
  100  8:46  SCV  
  100  8:54  Marine x4  
  103  8:56  Marine x3  
  103  8:58  Viking x4  
  113  9:11  Marine x2  
  113  9:12  Marine x2  
  113  9:15  Marine  
  113  9:16  Marine  
  109  9:36  Medivac x2  
  109  9:38  Viking x4  
  119  9:39  Widow Mine x2  
  125  9:55  Marine x3, Marauder x3  
  134  10:05  Terran Vehicle and Ship Weapons Level 2  
  134  10:06  Viking x2  
  138  10:07  Starport, Widow Mine  
  138  10:08  Viking x3, Missile Turret  
  138  10:12  Terran Vehicle And Ship Armor Level 1  
  138  10:14  Missile Turret  
  144  10:16  Marauder  
  144  10:19  SCV  
  147  10:22  Marine  
  148  10:32  Supply Depot  
  148  10:35  Supply Depot  
  148  10:37  Supply Depot  
  148  10:43  Planetary Fortress  
  148  10:48  Command Center, Refinery, Marauder  
  148  10:49  Refinery  
  148  10:53  Marine  
  148  10:54  Marauder x2  
  153  11:04  Marine  
  153  11:05  Marine x2  
  153  11:09  Marauder  
  158  11:15  Viking x2  
  158  11:16  Viking x4  
  170  11:21  Ghost Academy  
  170  11:25  Marauder  
  172  11:30  Supply Depot  
  172  11:34  Supply Depot  
  172  11:52  Marauder, SCV x2, Viking, Marine x2  
  180  11:55  SCV, Viking x2  
  125  12:34  Marauder, Marine x3  
  125  12:35  Marine, Marauder x2  
  134  12:39  Viking x6  
  134  12:40  Viking x2  
  150  12:58  Marine  
  148  13:09  Viking x7  
  148  13:10  Viking  
  161  13:13  Ghost x3  
  154  13:40  Terran Vehicle and Ship Weapons Level 3  
  124  13:41  Terran Vehicle And Ship Armor Level 2  
  124  13:58  Viking x7  
  124  13:59  Viking  
  140  14:23  Marine  
  135  14:28  Viking x6  
  142  14:50  Starport  
  142  14:52  Starport  
  90  15:21  Marauder, Marine x2  
  90  15:22  Marauder  
  90  15:23  Viking x7  
  90  15:24  Viking  
  90  15:27  Marine  
  90  15:28  Marine  
  111  15:31  Starport Tech Lab  
  111  15:35  Starport Tech Lab  
  111  15:51  Ghost x3, Factory Reactor  
  111  15:53  Viking x3  
  120  16:05  Fusion Core  
  120  16:11  Refinery  
  120  16:13  Command Center  
  120  16:36  Command Center  
  120  16:49  Viking x6  
  132  17:04  Battlecruiser  
  130  17:21  Missile Turret  
  130  17:25  Missile Turret  
  130  17:26  Missile Turret  
  130  17:34  Missile Turret  
  130  17:36  Missile Turret x2  
  129  17:38  Missile Turret  
  129  17:40  Missile Turret  
  126  17:45  Weapon Refit  
  124  18:14  Viking x4  
  124  18:16  Battlecruiser  
  124  18:18  Battlecruiser  
  143  18:24  Missile Turret  
  143  18:29  Behemoth Reactor  
  143  18:37  Refinery  
  143  18:41  Refinery  
  143  18:45  Planetary Fortress  
  143  18:50  Missile Turret  
  143  18:54  Missile Turret  
  143  19:12  Ghost x2  
  143  19:15  Ghost  
  149  19:23  Missile Turret  
  149  19:24  Missile Turret  
  149  19:25  Missile Turret  
  149  19:28  Planetary Fortress  
  145  19:51  Personal Cloaking  
  145  19:57  Ghost Academy  
  145  20:02  Refinery x2  
  145  20:05  Missile Turret x2  
  145  20:13  Battlecruiser  
  151  20:28  Command Center  
  151  20:30  Command Center  
  102  21:16  Nuke  
  102  21:24  Command Center  
  102  21:27  Command Center  
  102  21:30  Command Center  
  101  21:33  Missile Turret  
  96  21:44  Missile Turret  
  96  22:10  Battlecruiser  
  102  22:16  Battlecruiser  
  108  22:27  Missile Turret  
  108  22:32  Missile Turret  
  108  22:43  Ghost  
  110  23:01  Planetary Fortress  
  110  23:03  Planetary Fortress  
  110  23:50  Battlecruiser  
  110  23:51  Battlecruiser  
  116  24:13  Ghost x3  
  120  24:41  Ghost  
Tags
 
Add a new tag
Caveats
  • Supply blocks, unpowered buildings, or Contaminate may cause inaccurate times.
  • Supply counts are checked every 10 seconds.